 Dungeon Crawl Stone Soup version 0.30.0-10-gfe55d96785 (webtiles) character file.

Game seed: 5814944302077417568

35 Firecrotchwizard the Chopper (level 3, -2/33 HPs)
             Began as a Hill Orc Monk on May 15, 2023.
             Slain by a gnoll
             ... wielding a +0 spear
              (7 damage)
             ... on level 2 of the Dungeon.
             The game lasted 00:01:10 (309 turns).

Firecrotchwizard the Chopper (Hill Orc Monk)         Turns: 309, Time: 00:01:11

Health: -2/33      AC:  6    Str: 15    XL:     3   Next: 33%
Magic:  3/3        EV: 10    Int: 10    God:
Gold:   20         SH:  0    Dex: 13    Spells: 2/2 levels left

rFire   . . .        a - +0 hand axe
rCold   . . .        d - orb {light}
rNeg    . . .        h - +0 scale mail
rPois   .            (no helmet)
rElec   .            (no cloak)
rCorr   .            (no gloves)
SInv    .            (no boots)
Will    .....        (no amulet) Stlth
                     (no ring)
HPRegen 0.25/turn    (no ring)
MPRegen 0.08/turn

%: no passive effects
@: glowing
A: no striking features
a: no special abilities


You were on level 2 of the Dungeon.
You visited 1 branch of the dungeon, and saw 3 of its levels.

You collected 20 gold pieces.

Inventory:

Hand Weapons
 a - a +0 hand axe (weapon)
Armour
 b - a +0 robe
 d - an orb of light (worn)
 h - a +0 scale mail (worn)
Potions
 c - a potion of ambrosia
 e - a potion of might {unknown}
 f - 2 potions of flight {unknown}
 g - 2 potions of attraction {unknown}
 i - a potion of brilliance {unknown}


   Skills:
 + Level 4.1 Fighting
 * Level 5.0 Axes
 + Level 1.3 Armour
 - Level 2.4 Dodging


You had 2 spell levels left.
You didn't know any spells.
Your spell library was empty.

Dungeon Overview and Level Annotations

Branches:
Dungeon (3/15)

Altars:

Shops:
D:2 (=


Message History

Natasha barely misses you.
You have reached level 2!
You hit Natasha.
You kill Natasha!
Natasha growls in agony!
Your Fighting skill increases to level 4!
Your Armour skill increases to level 1!
You have reached level 3!
Your experience leads to an increase in your attributes!
Increase (s)trength, (i)ntelligence, or (d)exterity?
You feel stronger. x2
There is a stone staircase leading up here.
You start resting.
HP restored.
Things that are here:
a +0 dagger; a goblin corpse You now have 20 gold pieces (gained 13).
A ball python comes into view.
The ball python hisses angrily.
You hear a shout!
A giant cockroach comes into view. 2 gnolls come into view.
The gnoll shouts! x2
A kobold comes into view. It is wielding a +0 short sword.
A gnoll comes into view. It is wielding a +0 spear.
Found Sif Muna's Incunable of Misfortune.
The gnoll shouts!
The kobold throws a stone.
The stone hits you but does no damage.
You hit the ball python.
The ball python is severely wounded.
A gnoll comes into view. It is wielding a +0 spear.
The ball python bites you but does no damage.
The ball python grabs you. The ball python constricts you.
The gnoll shouts!
You hit the ball python.
You kill the ball python!
You hear an angry hiss.
The giant cockroach waves its antennae.
The giant cockroach completely misses you.
The kobold throws a stone.
The stone hits you but does no damage.
The kobold throws a stone.
The stone hits you but does no damage. The giant cockroach barely misses you.
The giant cockroach attacks as you move away!
The giant cockroach barely misses you.
You hit the giant cockroach.
You kill the giant cockroach!
The gnoll hits you with a +0 spear. The kobold attacks as you move away!
The kobold hits you with a +0 short sword.
The gnoll closely misses you.
You hit the kobold but do no damage. The kobold hits you but does no damage.
The gnoll closely misses you.
You hit the gnoll but do no damage. You hit the kobold.
A rat comes into view.
The kobold hits you but does no damage. The gnoll barely misses you.
The gnoll closely misses you. The gnoll barely misses you.
You hit the kobold.
You kill the kobold!
You hit the gnoll. The gnoll barely misses you.
The gnoll hits you from afar with a +0 spear.
Your Axes skill increases to level 5!
The gnoll hits you with a +0 flail. The gnoll attacks as you move away!
The gnoll hits you with a +0 flail.
The gnoll throws a throwing net.
The throwing net misses you. The gnoll closely misses you.
The gnoll closely misses you.
The gnoll throws a throwing net.
The throwing net hits you.
You become entangled in the net!
There is a stone staircase leading up here.
You see here a throwing net {@!f}.
Unknown command.
You tear a large gash into the net.
The gnoll hits you from afar with a +0 spear.
You shred the net and break free! The gnoll closely misses you.
Unknown command.
The gnoll misses you. The gnoll barely misses you.
There is a stone staircase leading up here.
The gnoll hits you from afar with a +0 spear!
The gnoll closely misses you. The gnoll barely misses you.
You climb upwards.
There is a stone staircase leading down here.
You hit the gnoll but do no damage.
The gnoll is moderately wounded.
You hit the gnoll. x2; The gnoll hits you with a +0 flail.
* * * LOW HITPOINT WARNING * * *
The gnoll hits you with a +0 spear.
* * * LOW HITPOINT WARNING * * *
The gnoll barely misses you.
You hit the gnoll.
The gnoll is severely wounded.
You completely miss the gnoll. You hit the gnoll but do no damage.
The gnoll barely misses you. The gnoll hits you with a +0 spear.
* * * LOW HITPOINT WARNING * * *
The gnoll hits you with a +0 spear.
* * * LOW HITPOINT WARNING * * *
You barely miss the gnoll.
The gnoll is severely wounded.
You hit the gnoll but do no damage. You hit the gnoll.
The gnoll hits you with a +0 flail.
* * * LOW HITPOINT WARNING * * *
The gnoll hits you with a +0 spear!
You die...

. #.#####.###..## ..
#.#.....# #.)# #.
#.#.##### #..# #.
#.#.# ###..#
####.##.#[#####....#
##...............####
..........########
##...g.#.# #...g@#.#
#...g.#.. #.<...##.#
####### .# .. .# [#


You could see 3 gnolls.

Vanquished Creatures
  Natasha (D:3)
  2 ball pythons
  A giant cockroach (D:3)
  2 goblins
  A quokka (D:2)
  A frilled lizard (D:3)
  2 kobolds
  A rat (D:2)
11 creatures vanquished.

Notes
Turn   | Place    | Note
-------+----------+-------------------------------------------
     0 | D:1      | Firecrotchwizard the Hill Orc Monk began the quest for the
                  | Orb.
     0 | D:1      | Reached XP level 1. HP: 19/19 MP: 1/1
    38 | D:2      | Found Xuhyt's Jewellery Emporium.
    44 | D:2      | Found Ufaob's Weapon Shop.
   109 | D:2      | Identified the +0 leather armour "Oddoawa" {rC+ Str+3
                  | Dex+3}
   166 | D:3      | Noticed Natasha
   173 | D:3      | Reached XP level 2. HP: 10/27 MP: 2/2
   173 | D:3      | Killed Natasha
   174 | D:3      | Reached skill level 1 in Armour
   174 | D:3      | Reached XP level 3. HP: 13/33 MP: 3/3
   291 | D:3      | Reached skill level 5 in Axes
   309 | D:2      | Slain by a gnoll

Illustrated notes

Levels and vault maps discovered:
D:1:      dreamdust_arrival_sigmund_warning, layout_rooms, serial_shops,
          nicolae_shop_stone, serial_bayou_pond_a, kennysheep_flooded_box
D:2:      layout_rooms, serial_shops, shop, shop
D:3:      layout_rooms, gammafunk_ghost_abyssal_escape, uniq_natasha

Skill      XL: |  1  2  3 |
---------------+----------+-----
Fighting       | 4 |  4.1
Armour         | 1 |  1.3
Axes           | 5 |  5.0
Dodging        | |  2.4

Action                     || total
---------------------------++-------
  Melee: Hand axe          ||    27
 Armour: Robe              ||     2
         Scale mail        ||     7
  Dodge: Dodged            ||    28
